AoeStats
← Lazy Dog

African Clearing

510414286Analyzed
4v4 RM · 13h ago on Sep 30, 2026· 31m 48s· 8 players
Game mode
Random Map
Map size
Large (8 player)
Population
200
Speed
Normal
Resources
Standard
Victory
Conquest
Starting age
Dark Age
Ending age
Imperial Age
RankedLock teamsTeams togetherTeam positionsShared explorationLock speedFull tech treeHidden civsTurbo modeCheats
Victory
Defeat
🇺🇸 Chinese · United States
1377
+6
🇨🇦 Vietnamese · Canada
1221
+11
🇬🇧 Mongols · United Kingdom
1148
+13
🇺🇸 Magyars · United States
1130
+14
🇨🇴 Huns · Colombia
1165
-13
🇨🇴 Poles · Colombia
1143
-12
🇦🇷 Lithuanians · Argentina
1112
-11
🇧🇷 Saracens · Brazil
1014
-8
soy el Nico
10:31 Loom
12:39 Feudal Age
13:42 Double-Bit Axe
20:47 Castle Age
19:25 Fletching
20:26 Stone Mining
20:29 Gold Mining
24:41 Bodkin Arrow
28:56 Guard Tower
30:12 Ballistics
karv.oficial
3:35 Loom
19:06 Feudal Age
23:17 Castle Age
21:39 Man-at-Arms
Renannve
8:56 Loom
16:02 Feudal Age
17:46 Wheelbarrow
18:15 Horse Collar
22:21 Castle Age
21:11 Horse Collar
21:32 Gold Mining
26:26 Scale Barding Armor
28:07 Husbandry
29:29 Bloodlines
30:52 Double-Bit Axe
Xx_KeVIN_zZ
14:19 Feudal Age
18:00 Castle Age
16:12 Double-Bit Axe
19:22 Horse Collar
21:07 Scale Barding Armor
21:13 Forging
32:03 Chain Barding Armor
The Daunting Knight
2:47 Loom
12:03 Feudal Age
12:31 Double-Bit Axe
14:28 Fletching
20:31 Castle Age
19:13 Scale Mail Armor
19:15 Padded Archer Armor
20:38 Crossbowman
21:23 Thumb Ring
22:31 Bodkin Arrow
32:06 Ballistics
Kazule
12:02 Loom
13:48 Feudal Age
15:19 Double-Bit Axe
15:38 Horse Collar
18:47 Castle Age
17:55 Fletching
19:53 Bow Saw
20:24 Bodkin Arrow
20:30 Padded Archer Armor
31:23 Thumb Ring
Lazy Dog
9:02 Loom
12:09 Feudal Age
13:34 Double-Bit Axe
13:43 Double-Bit Axe
15:53 Wheelbarrow
20:29 Castle Age
19:27 Horse Collar
20:33 Gold Mining
25:02 Wheelbarrow
25:18 Padded Archer Armor
25:14 Fletching
26:27 Bodkin Arrow
28:39 Leather Archer Armor
29:41 Hand Cart
30:52 Bow Saw
30:44 Heavy Plow
Burgoman2
15:19 Feudal Age
16:12 Double-Bit Axe
19:02 Castle Age
17:52 Loom
23:58 Fletching
26:56 Padded Archer Armor
28:45 Leather Archer Armor
29:41 Bodkin Arrow
Connection lost

Rejoining the realm…

Still unreachable

The connection could not be restored.

Session expired

The server has moved on; the page needs a fresh start.